 Dungeon Crawl Stone Soup version 0.32-a0-571-gec57dfcd37 (webtiles) character file.

Game seed: 14714585443051558182

554770 adelrune the Marksgoblin (level 26, -1/191 HPs)
             Began as a Coglin Hexslinger on Feb 28, 2024.
             Was the Champion of Hepliaklqana.
             Slain by Tiamat
             ... wielding a +1 demon trident of venom
              (25 damage)
             ... on level 2 of the Realm of Zot on Feb 29, 2024.
             The game lasted 04:00:10 (65907 turns).

adelrune the Marksgoblin (Coglin Hexslinger)       Turns: 65907, Time: 04:00:11

Health: -1/191     AC: 29    Str: 16    XL:     26   Next: 43%
Magic:  33/33      EV: 24    Int: 13    God:    Hepliaklqana [******]
Gold:   6284       SH:  0    Dex: 26    Spells: 9/33 levels left

rFire   + + +        R - +8 hand cannon (freeze) {Chikashi}
rCold   + . .        D - +1 sling "Otzykav" {speed, Will++ Str+5}
rNeg    + . .        K - +5 ring mail {rPois}
rPois   +            r - +2 helmet {SInv}
rElec   +            B - +2 cloak {rCorr}
rCorr   +            Y - +2 pair of gloves of Cemiocs {rF++ rN+}
SInv    +            E - +2 pair of boots {Fly}
Will    +++..        (amulet unavailable)
Stlth   +++          (ring unavailable)
HPRegen 0.51/turn    (ring unavailable)
MPRegen 0.23/turn    q - experimental gigawhirligig {rElec Slay+3 Clar RMsl}

%: repel missiles, clarity
@: lethally poisoned (-1 -> -3), flying, studying Long Blades, revved
A: reduced essence, cold resistance 1, fire resistance 1, off-hand wielding,
slow wielding, warmup strikes, no jewellery
}: 3/15 runes: serpentine, barnacled, silver
a: Renounce Religion, Recall Ancestor, Ancestor Identity, Transference, Idealise


You were on level 2 of the Realm of Zot.
You worshipped Hepliaklqana.
Hepliaklqana was exalted by your worship.
You visited 10 branches of the dungeon, and saw 45 of its levels.
You visited the Abyss 1 time.
You also visited: Sewer, Gauntlet and Wizlab.

You collected 10005 gold pieces.
You spent 3721 gold pieces at shops.

Inventory:

Hand Weapons
 a - the +8 sling of Corruption {heavy, rPois Int+4}
   (You found it on level 5 of the Lair of Beasts)

   Int+4:     It affects your intelligence (+4).
   rPois:     It protects you from poison
 s - the +2 sling of Pandemonium {antimagic, rPois rCorr}
   (You found it on level 3 of the Dungeon)

   rPois:     It protects you from poison rCorr: It protects you from acid and
   corrosion.
 A - a +2 hand cannon of freezing {Sextus}
 D - the +1 sling "Otzykav" (offhand) {speed, Will++ Str+5}
   (You found it on level 13 of the Dungeon)

   Str+5:     It affects your strength (+5).
   Will++:    It greatly increases your willpower.
 R - a +8 hand cannon of freezing (weapon) {Chikashi}
Armour
 r - a +2 helmet of see invisible (worn)
 B - a +2 cloak of preservation (worn)
 E - a +2 pair of boots of flying (worn)
 K - a +5 ring mail of poison resistance (worn)
 P - a +2 pair of gloves of dexterity
 W - the +2 hat of the Bear Spirit {Spirit, Bear, *Rage Will++}
   (You found it on level 4 of the Shoals)

   Bear:      Going berserk makes the wearer exceptionally tough, and they are
   slowed for a shorter time afterward.
   Will++:    It greatly increases your willpower.
   *Rage:     It berserks you when you make melee attacks (+20% chance).
 Y - the +2 pair of gloves of Cemiocs (worn) {rF++ rN+}
   (You acquired it on level 1 of the Vaults)

   rF++:      It greatly protects you from fire.
   rN+:       It protects you from negative energy.
Gizmo
 q - an experimental gigawhirligig (installed) {rElec Slay+3 Clar RMsl}
   (You invented it yourself on level 1 of the Orcish Mines)

   [experimental gigawhirligig]

   Slay+3:    It affects your accuracy & damage with ranged weapons and melee
   (+3).
   rElec:     It insulates you from electricity.
   Clar:      It protects you from confusion, rage, mesmerisation and fear.
   RMsl:      It protects you from missiles.
Wands
 u - a wand of iceblast (40)
 w - a wand of digging (16)
 z - a wand of flame (83)
 F - a wand of polymorph (18)
 H - a wand of paralysis (52)
 I - a wand of mindburst (21)
 L - a wand of light (27)
Scrolls
 b - 7 scrolls of poison
 c - 4 scrolls of immolation
 f - 6 scrolls of enchant armour
 g - 7 scrolls of fear
 h - 3 scrolls of blinking
 i - 6 scrolls of noise
 k - 8 scrolls of amnesia
 o - 7 scrolls of vulnerability
 t - 9 scrolls of teleportation
 x - 7 scrolls of revelation
 y - 11 scrolls of fog
 N - 6 scrolls of torment
 S - a scroll of butterflies
 U - 10 scrolls of identify
 Z - 3 scrolls of silence
Potions
 d - 4 potions of might
 e - 7 potions of mutation
 j - 12 potions of curing
 l - 2 potions of cancellation
 m - 9 potions of resistance
 p - 5 potions of attraction
 v - 3 potions of haste
 C - 5 potions of brilliance
 G - 10 potions of lignification
 J - 5 potions of magic
 O - 11 potions of enlightenment
 T - 3 potions of ambrosia
Miscellaneous
 n - a condenser vane
 M - a sack of spiders (inert)
 Q - a lightning rod (1/4)
 V - a phantom mirror (inert)
 X - a phial of floods (inert)


   Skills:
 + Level 18.5 Fighting
 + Level 20.2 Ranged Weapons
 - Level 18.4 Armour
 + Level 15.0 Dodging
 - Level 5.3 Stealth
 - Level 4.2 Spellcasting
 - Level 10.1 Hexes
 - Level 15.5 Translocations
 - Level 0.8 Fire Magic
 + Level 13.8 Invocations
 * Level 17.2 Evocations


You had 9 spell levels left.
You knew the following spells:

 Your Spells              Type           Power      Damage    Failure   Level
a - Jinxbite              Hex            58%        N/A       1%          2
b - Sigil of Binding      Hex            29%        N/A       1%          3
c - Blink                 Tloc           86%        N/A       1%          2
d - Dimensional Bullseye  Hex/Tloc       18%        N/A       1%          4
e - Cause Fear            Hex            14%        N/A       4%          4
f - Teleport Other        Tloc           43%        N/A       1%          3
g - Dispersal             Tloc           21%        N/A       8%          6

Your spell library contained the following spells:

 Spells                   Type           Power      Damage    Failure   Level
 Apportation              Tloc           86%        N/A       1%          1
 Lesser Beckoning         Tloc           86%        N/A       1%          2
 Momentum Strike          Conj/Tloc      44%        3d9       1%          2
 Gell's Gravitas          Tloc           43%        N/A       1%          3
 Tukima's Dance           Hex            29%        N/A       1%          3
 Manifold Assault         Tloc           43%        N/A       1%          4
 Passage of Golubria      Tloc           43%        N/A       1%          4
 Inner Flame              Hex/Fire       17%        N/A       10%         3
 Iskenderun's Mystic Bla  Conj/Tloc      22%        2d6       12%         4
 Vhi's Electric Charge    Tloc/Air       44%        N/A       12%         4
 Foxfire                  Conj/Fire      12%        2x1d4     24%         1
 Freeze                   Ice            8%         1d3       30%         1
 Magic Dart               Conj           8%         1d3       30%         1
 Necrotise                Necr           8%         1d4       30%         1
 Sandblast                Erth           4%         2d4       30%         1
 Shock                    Conj/Air       8%         1d3       30%         1
 Sting                    Conj/Alch      8%         1d3       30%         1
 Summon Small Mammal      Summ           8%         N/A       30%         1
 Scorch                   Fire           10%        2d5       30%         2
 Summon Forest            Summ/Tloc      11%        N/A       32%         5
 Anguish                  Hex/Necr       7%         N/A       36%         4
 Cigotuvi's Dreadful Rot  Necr/Alch/Air  4%         N/A       41%         2
 Mercury Vapours          Alch/Air       4%         N/A       41%         2
 Searing Ray              Conj           4%         2d4       41%         2
 Static Discharge         Conj/Air       4%         3-4/arc   41%         2
 Sublimation of Blood     Necr           2%         N/A       41%         2
 Call Canine Familiar     Summ           2%         N/A       65%         3
 Frozen Ramparts          Ice            4%         1d1       65%         3
 Fugue of the Fallen      Necr           2%         N/A       65%         3
 Hailstorm                Conj/Ice       2%         3d5       65%         3
 Ozocubu's Armour         Ice            2%         N/A       65%         3
 Passwall                 Erth           2%         N/A       65%         3
 Stone Arrow              Conj/Erth      4%         3d7       65%         3
 Swiftness                Air            2%         N/A       65%         3
 Metabolic Englaciation   Hex/Ice        7%         N/A       71%         5
 Summon Mana Viper        Hex/Summ       15%        N/A       71%         5
 Yara's Violent Unravell  Hex/Alch       7%         3d5       71%         5
 Flame Wave               Conj/Fire      3%         2d5       94%         4
 Ignite Poison            Fire/Alch      3%         N/A       94%         4
 Sticky Flame             Fire/Alch      3%         2d4       94%         4
 Summon Blazeheart Golem  Fire/Summ      3%         N/A       94%         4
 Airstrike                Air            1%         2d(1-17)  96%         4
 Animate Dead             Necr           2%         N/A       96%         4
 Brom's Barrelling Bould  Conj/Erth      2%         2d3       96%         4
 Fulminant Prism          Conj/Alch      1%         3d5       96%         4
 Leda's Liquefaction      Alch/Erth      1%         N/A       96%         4
 Martyr's Knell           Necr/Summ      2%         N/A       96%         4
 Olgreb's Toxic Radiance  Alch           2%         N/A       96%         4
 Petrify                  Alch/Erth      2%         N/A       96%         4
 Enfeeble                 Hex            14%        N/A       98%         7
 Alistair's Intoxication  Alch           1%         N/A       100%        5
 Arcjolt                  Conj/Air       1%         1d11      100%        5
 Borgnjor's Vile Clutch   Necr/Erth      1%         N/A       100%        5
 Fireball                 Conj/Fire      1%         3d3       100%        5
 Freezing Cloud           Conj/Ice/Air   1%         6-21      100%        5
 Irradiate                Conj/Alch      1%         3d12      100%        5
 Iskenderun's Battlesphe  Conj           2%         2d6       100%        5
 Bombard                  Conj/Erth      1%         9d1       100%        6
 Conjure Ball Lightning   Conj/Air       1%         3x3d6     100%        6
 Death Channel            Necr           1%         N/A       100%        6
 Eringya's Noxious Bog    Alch           1%         4d6       100%        6
 Plasma Beam              Fire/Air       1%         2x1d11    100%        6
 Starburst                Conj/Fire      1%         6d3       100%        6
 Summon Cactus Giant      Summ           1%         N/A       100%        6
 Haunt                    Necr/Summ      1%         N/A       100%        7
 Malign Gateway           Summ/Tloc      11%        N/A       100%        7
 Orb of Destruction       Conj           1%         9d5       100%        7
 Spellforged Servitor     Conj/Summ      1%         N/A       100%        7
 Summon Hydra             Summ           1%         N/A       100%        7
 Borgnjor's Revivificati  Necr           1%         N/A       100%        8
 Discord                  Hex            14%        N/A       100%        8
 Ignition                 Fire           2%         3d3       100%        8
 Maxwell's Capacitive Co  Air            1%         ∞         100%        8
 Chain Lightning          Conj/Air       1%         3d1       100%        9
 Death's Door             Necr           1%         N/A       100%        9
 Fire Storm               Conj/Fire      1%         8d1       100%        9
 Shatter                  Erth           1%         3d5*      100%        9


Dungeon Overview and Level Annotations

Branches:
Dungeon (15/15)            Temple (1/1) D:5            Lair (5/5) D:10
 Shoals (4/4) Lair:2        Snake (4/4) Lair:2        Slime (0/5) Lair:5
    Orc (2/2) D:10            Elf (3/3) Orc:2        Vaults (5/5) D:13
  Crypt (0/3) Vaults:2     Depths (4/4) D:15            Zot (2/5) Depths:4
  Sewer (visited)          WizLab (visited)         Gauntlet (visited)

Altars:
Ashenzari
Cheibriados
Dithmenos
Elyvilon
Fedhas
Gozag
Hepliaklqana
Kikubaaqudgha
Makhleb
Nemelex Xobeh
Okawaru
Qazlal
Ru
Sif Muna
Trog
Uskayaw
Vehumet
Wu Jian
Xom
Yredelemnul
Zin
The Shining One
Beogh
Jiyva

Shops:
D:2 [   D:5 [   D:8 ?   D:11 (   D:15 [   Orc:2 ([:?*   Elf:1 =   Elf:2 ![:*
Elf:3 ?   Shoals:1 *   Snake:3 =   Snake:4 *   Vaults:1 :[   Vaults:2 *
Vaults:3 [   Vaults:4 (   Vaults:5 **!(=??[   Depths:3 [

Portals:
Hell: Depths:1 Depths:2 Depths:3 Depths:4
Abyss: Depths:3
Pandemonium: Depths:1 Depths:2 Depths:4
Ziggurat: Depths:2

Annotations:
Lair:1 exclusion: downstairs
Snake:4 3 runed translucent doors, exclusion: obsidian statue, ytrimaz's ghost, adept OpSh
Depths:3 1 runed translucent door, Strat's ghost, veteran MDFi
Zot:2 2 transporters, exclusion: orange crystal statue, Cuhyol's ghost, veteran MfSh; Tiamat


Innate Abilities, Weirdness & Mutations

Your life essence is reduced to manifest your ancestor. (-10% HP)
Your flesh is cold resistant. (rC+)
Your flesh is heat resistant. (rF+)
You can wield a second weapon in your off-hand.
It takes a long time for you to wield or remove held weapons.
Your first few attacks do less damage.
You cannot equip rings or amulets.


Message History

Aim: Tiamat, wielding a +1 demon trident of venom and wearing the +4 dragonskin cloak (magical condensation, almost dead, slow, catching her breath, 81% to hit)
You shoot a bolt. The bolt barely misses Tiamat.
You shoot a sling bullet.
The sling bullet hits Tiamat but does no damage.
Tiamat is almost dead.
You feel sick.
Tiamat hits you with a +1 demon trident of venom!!!
* * * LOW HITPOINT WARNING * * *
Tiamat misses you.
Fire: R) +8 hand cannon (freeze) {Chikashi}
Press: ? - help, Q - select action, (/) - cycle Shift-Dir - straight line, f/p - Tiamat
Aim: Tiamat, wielding a +1 demon trident of venom and wearing the +4 dragonskin cloak (magical condensation, almost dead, slow, catching her breath, 81% to hit)
You shoot a bolt. The bolt hits Tiamat!
Tiamat seems to slow down.
The bolt freezes Tiamat.
Tiamat is almost dead.
You shoot a sling bullet. The sling bullet hits Tiamat.
Tiamat is almost dead.
You feel sick.
Okay, then.
Aiming: Thunderbolt
Press: ? - help, Shift-Dir - straight line, f/p - Tiamat
Aim: Tiamat, wielding a +1 demon trident of venom and wearing the +4 dragonskin cloak (magical condensation, almost dead, slow, catching her breath)
The thunderbolt hits Tiamat!
Tiamat is almost dead.
You feel sick. Tiamat misses you. Tiamat barely misses you.
Aiming: Thunderbolt
Press: ? - help, Shift-Dir - straight line, f/p - Tiamat
Aim: Tiamat, wielding a +1 demon trident of venom and wearing the +4 dragonskin cloak (almost dead, slow)
The thunderbolt hits Tiamat.
Tiamat completely resists.
Tiamat is almost dead.
You feel sick.
Aiming: Thunderbolt
Press: ? - help, Shift-Dir - straight line, f/p - Tiamat
Aim: Tiamat, wielding a +1 demon trident of venom and wearing the +4 dragonskin cloak (almost dead, slow)
The thunderbolt hits Tiamat.
Tiamat completely resists.
Tiamat is almost dead.
You feel sick.
Tiamat hits you with a +1 demon trident of venom!!
You die...
Hepliaklqana delivers you to your ancestors.

,*,**,,*****#..#
,,,,,,,* #..#
,*,**,,* #..#
,,,,,,,*#####..#
,,,,,,,,...<...######
,,,**,,*****#.......#
,*,**,,* ##.####.#
,*..#,,*### #.####)#
,*...,,,..# #.#@d~.#
,*....,*#.# #.######
,*.....*#.# #.#
,*.....##.####.##
,,..>...........#
,*.............##
**,.....#.######
*,....,#.# *,..,,,#.#


You could see Tiamat (slow).

Vanquished Creatures
  An ancient lich (Vaults:4)
  Mennas (Depths:2)
  Bai Suzhen (Depths:2)
  Margery (Vaults:3)
  Saint Roka (Elf:3)
  Nikola (Depths:1)
  2 golden dragons
  Norris (Depths:2)
  12 tentacled monstrosities
  A hellephant (Vaults:3)
  Jorgrun (Orc:1)
  4 liches
  6 titans
  Mlioglotl (Shoals:1)
  4 deep elf blademasters
  4 quicksilver dragons
  8 sphinxes
  Polyphemus (Shoals:2)
  A death cob (Zot:1)
  2 deep elf master archers (Elf:3)
  Frances (Shoals:2)
  Agnes (D:14)
  3 storm dragons
  4 tengu reavers
  Aizul (Snake:2)
  Donald (Shoals:3)
  8 shadow dragons
  3 daevas (Depths:2)
  4 fire giants
  2 protean progenitors
  3 nagarajas
  7 draconian monks
  16 vault wardens
  2 draconian knights (Zot:1)
  3 draconian scorchers
  7 frost giants
  8 deep elf sorcerers
  2 draconian shifters (Depths:4)
  Louise (Shoals:3)
  An iron dragon (Depths:2)
  3 deep elf elementalists (Elf:3)
  2 broodmothers (Depths:4)
  An orc warlord (Orc:2)
  2 draconian stormcallers
  21 ironbound preservers
  12 very ugly things
  3 angels
  2 draconian annihilators
  4 formless jellyfish
  4 ironbound thunderhulks
  14 stone giants
  5 black draconians (Depths:4)
  7 green draconians
  6 vampire knights
  8 deep elf death magi
  6 deep elf annihilators (Elf:3)
  3 red draconians
  3 war gargoyles (Vaults:5)
  3 minotaurs
  5 white draconians
  6 dire elephants
  11 purple draconians
  3 deep elf demonologists
  A yellow draconian (Zot:1)
  7 spark wasps
  6 statues (WizLab)
  4 fire dragons
  A crystal guardian (Vaults:3)
  7 ettins
  Josephine (D:15)
  A merfolk impaler (Shoals:4)
  A green death (Depths:2)
  A merfolk javelineer (Shoals:4)
  5 deep elf high priests
  10 yaktaur captains
  4 entropy weavers
  11 ice dragons
  3 salamander tyrants
  29 vault guards
  4 rakshasas
  6 ogre magi
  6 hydras
  A peacekeeper (Vaults:4)
  A catoblepas (Shoals:2)
  A spriggan air mage (Depths:3)
  3 great orbs of eyes
  12 ironbound frosthearts
  20 centaur warriors
  20 dancing weapons
  5 death yaks
  7 boulder beetles
  12 anacondas
  11 satyrs (Shoals:4)
  12 two-headed ogres
  A vampire mage (Vaults:2)
  8 deep troll earth magi
  A sphinx skeleton (Vaults:2)
  7 tengu warriors
  4 deep troll shamans
  3 occultists
  Urug (D:10)
  3 spriggan berserkers (Depths:4)
  2 orc high priests
  12 naga warriors
  6 shock serpents
  9 naga sharpshooters
  A soul eater (Depths:1)
  3 hell knights (Vaults:3)
  A golden dragon zombie (Depths:1)
  12 deep elf knights
  A sixfirhy (Depths:4)
  12 iron trolls
  4 skysharks
  6 cherubim (Depths:2)
  11 sea snakes
  A death drake (shapeshifter) (Depths:3)
  13 mana vipers
  2 flayed ghosts
  3 glowing orange brains
  A shadow demon (Depths:2)
  8 arcanists
  5 salamander mystics (Snake:4)
  A death drake (Depths:4)
  67 deep trolls
  A glowing orange brain (shapeshifter) (Vaults:5)
  4 necromancers
  8 naga ritualists
  3 thermic dynamos
  10 deep elf archers
  17 ironbound convokers
  18 lindwurms
  A lindwurm (shapeshifter) (Vaults:5)
  4 phantasmal warriors
  23 deep elf pyromancers
  27 deep elf zephyrmancers
  15 harpies
  4 orc knights (Orc:2)
  38 ugly things
  Maurice (D:9)
  An oklob plant (Lair:2)
  A frost giant zombie (Vaults:4)
  6 orc sorcerers
  7 cyclopes
  8 fauns
  14 manticores
  19 salamanders
  2 centaur zombies (D:15)
  3 meliai (D:13)
  14 guardian serpents
  11 elephants
  5 moths of wrath
  2 tengu skeletons (Vaults:4)
  37 black mambas
  7 merfolk sirens
  3 water nymphs
  A kobold blastminer (Orc:2)
  15 vault sentinels
  12 naga magi
  14 cane toads
  A cane toad (shapeshifter) (Elf:1)
  3 gargoyles
  A smoke demon (Depths:4)
  11 komodo dragons
  2 kobold demonologists (D:10)
  31 yaktaurs
  20 tengu conjurers
  4 rime drakes
  2 polar bears (Lair:5)
  16 merfolk
  6 trolls
  24 blink frogs
  Prince Ribbit (D:7)
  2 wind drakes
  A glass eye (shapeshifter) (Depths:1)
  A glass eye (Depths:1)
  6 hornets
  13 dream sheep
  6 snapping turtles
  10 slime creatures
  A shadow (D:11)
  A culicivora (Vaults:4)
  3 air elementals
  A vampire (D:12)
  9 spriggans
  5 wyverns
  6 basilisks
  11 water elementals
  5 wraiths
  An unseen horror simulacrum (D:9)
  A fire bat (Gauntlet)
  2 fire elementals
  49 yaks
  2 wargs
  10 vampire mosquitoes
  A steam dragon (D:4)
  An elf simulacrum (Vaults:2)
  2 redbacks
  A swamp worm (shapeshifter) (Vaults:4)
  A glowing shapeshifter zombie (Vaults:2)
  3 acid dragons
  9 water moccasins
  An ogre skeleton (Vaults:4)
  36 nagas
  29 orc warriors
  Pargi (Sewer)
  7 hexers
  7 black bears
  2 ice beasts
  A sky beast (D:7)
  2 boggarts (Lair:5)
  15 ogres
  32 wolves
  9 centaurs
  A lemure (D:8)
  A phantom (D:5)
  5 kobold brigands
  8 bullfrogs
  A gnoll sergeant (D:9)
  An earth elemental (D:11)
  2 scorpions
  2 wights (D:8)
  4 killer bees (D:10)
  5 electric eels
  A howler monkey (D:9)
  3 vampire bats (Orc:2)
  A human simulacrum (Vaults:4)
  A jelly (D:4)
  A hound (D:6)
  26 orc priests
  Crazy Yiuf (D:7)
  A sleepcap (D:8)
  6 iguanas
  17 orc wizards
  2 boggart skeletons (D:15)
  A centaur simulacrum (D:9)
  Robin (D:2)
  5 gnolls (D:9)
  8 adders
  2 shadow imps
  3 white imps
  2 ufetubi (D:7)
  5 dart slugs
  3 ribbon worms
  70 orcs
  12 endoplasms
  11 giant cockroaches
  13 goblins
  5 hobgoblins
  6 jackals
  3 quokkas
  5 ball pythons
  6 bats
  3 frilled lizards
  30 kobolds
  8 rats
1764 creatures vanquished.

Vanquished Creatures (collateral kills)
  3 golden dragons
  A lich (Depths:4)
  2 titans
  A deep elf blademaster (Elf:2)
  A quicksilver dragon (Zot:1)
  A deep elf master archer (Elf:3)
  2 sphinxes
  3 shadow dragons
  2 storm dragons
  A draconian monk (Depths:4)
  2 tengu reavers
  4 fire giants
  2 nagarajas (Snake:4)
  A draconian shifter (Zot:1)
  A vault warden (Vaults:4)
  2 deep elf sorcerers (Vaults:4)
  An iron dragon (Vaults:5)
  A stone giant (Vaults:4)
  A draconian annihilator (Depths:4)
  2 ironbound preservers (Vaults:1)
  6 very ugly things
  An ironbound thunderhulk (Vaults:5)
  A green draconian (Zot:1)
  A deep elf demonologist (Elf:3)
  2 black draconians
  A deep elf death mage (Elf:3)
  2 dire elephants (Vaults:1)
  3 white draconians
  7 purple draconians
  A red draconian (Depths:4)
  2 spark wasps
  A statue (WizLab)
  2 ettins
  2 green deaths (Depths:4)
  2 yaktaur captains
  2 fire dragons
  A great orb of eyes (Vaults:4)
  2 vault guards (Vaults:4)
  A salamander tyrant (Snake:4)
  3 ice dragons
  An alligator snapping turtle (Shoals:3)
  5 centaur warriors
  2 merfolk avatars (Shoals:3)
  A catoblepas (Lair:3)
  3 ogre magi
  4 anacondas
  9 dancing weapons
  2 two-headed ogres (Orc:1)
  3 deep troll earth magi
  2 satyrs (Shoals:4)
  A vampire mage (Depths:3)
  2 orc high priests (Orc:2)
  A death yak (Lair:4)
  A spriggan berserker (Depths:2)
  2 naga warriors
  2 cherubim (Elf:3)
  4 deep elf knights
  A salamander mystic (Snake:4)
  An arcanist (Gauntlet)
  8 deep trolls
  A mana viper (Snake:3)
  2 deep elf archers (Elf:1)
  A naga ritualist (Snake:1)
  A phantasmal warrior (Vaults:4)
  Pikel (D:8)
  4 harpies
  3 lindwurms
  An ironbound convoker (Vaults:4)
  2 necromancers
  2 deep elf pyromancers
  An orc knight (Orc:2)
  2 thermic dynamos (Elf:3)
  7 ugly things
  6 deep elf zephyrmancers
  An orc sorcerer (Elf:3)
  3 fauns
  2 manticores (Shoals:4)
  A worldbinder (Gauntlet)
  3 elephants
  5 salamanders
  5 vault sentinels
  A naga mage (Snake:2)
  A water nymph (shapeshifter) (Elf:2)
  2 guardian serpents
  An elephant (shapeshifter) (Vaults:4)
  2 merfolk sirens (Shoals:4)
  6 black mambas
  2 water nymphs
  4 cane toads
  An ice statue (Vaults:4)
  An unseen horror (D:10)
  3 yaktaurs
  A rime drake (Lair:5)
  4 komodo dragons
  5 tengu conjurers
  A spark wasp simulacrum (Depths:1)
  A wind drake (Shoals:3)
  A merfolk (Shoals:4)
  2 hornets (Lair:5)
  5 blink frogs
  3 dream sheep
  A slime creature (Vaults:1)
  An air elemental (Elf:3)
  A wraith (D:15)
  6 spriggans (Lair:5)
  A wyvern (D:9)
  18 yaks
  2 water elementals
  A basilisk (Lair:2)
  2 wargs (Orc:1)
  A redback (Vaults:3)
  A steam dragon (Lair:2)
  2 nagas
  A human skeleton (Depths:1)
  A water moccasin (Lair:3)
  6 orc warriors
  10 wolves
  An ogre (Orc:1)
  3 boggarts
  A lemure (D:8)
  2 bullfrogs
  3 kobold brigands
  A wight (D:8)
  2 killer bees (D:10)
  A howler monkey (D:9)
  An orc priest (Elf:3)
  3 orc wizards
  A centaur simulacrum (D:9)
  A shadow imp (Gauntlet)
  3 white imps
  7 orcs
  2 bats (Orc:2)
  2 kobolds (D:11)
322 creatures vanquished.

Vanquished Creatures (others)
  A spark wasp (Depths:4)
  A red draconian (Zot:1)
  A salamander mystic (Snake:4)
  A mana viper (Snake:2)
  A deep elf pyromancer (Elf:1)
  An orc warrior (Elf:3)
  62 hexers
  2 ancestors (D:7)
  A white imp (Lair:4)
  2 starspawn tentacles (Shoals:1)
73 creatures vanquished.

Grand Total: 2159 creatures vanquished

Notes
Turn   | Place    | Note
-------+----------+-------------------------------------------
     0 | D:1      | adelrune the Coglin Hexslinger began the quest for the Orb.
     0 | D:1      | Reached XP level 1. HP: 15/15 MP: 2/2
     1 | D:1      | Found a runed translucent door.
    62 | D:1      | Reached skill level 2 in Ranged Weapons
   168 | D:1      | Reached XP level 2. HP: 21/21 MP: 3/3
   703 | D:1      | Learned a level 2 spell: Jinxbite
   713 | D:1      | Reached XP level 3. HP: 26/26 MP: 4/4
   798 | D:2      | Reached XP level 4. HP: 16/33 MP: 3/5
   937 | D:2      | Identified the +5 chain mail of Indecent Exposure {rElec
                  | MP+9}
   962 | D:2      | Found Vastrum's Antique Armour Emporium.
   970 | D:2      | Found a shimmering blue altar of Sif Muna.
  1093 | D:2      | Noticed Robin
  1094 | D:2      | Reached skill level 3 in Ranged Weapons
  1096 | D:2      | Killed Robin
  1162 | D:2      | Reached XP level 5. HP: 38/38 MP: 6/6
  1385 | D:3      | Noticed a black bear
  1396 | D:3      | Killed a black bear
  1510 | D:3      | Reached XP level 6. HP: 46/46 MP: 4/7
  1659 | D:3      | Reached skill level 4 in Ranged Weapons
  1676 | D:3      | Identified the +2 sling of Pandemonium {antimagic, rPois
                  | rCorr}
  1938 | D:4      | Learned a level 3 spell: Sigil of Binding
  2013 | D:4      | Reached XP level 7. HP: 52/52 MP: 2/8
  2038 | D:4      | Noticed a steam dragon
  2048 | D:4      | Killed a steam dragon
  2252 | D:4      | Found a glowing drain.
  2258 | Sewer    | Entered a sewer
  2309 | Sewer    | Noticed Pargi
  2316 | Sewer    | Killed Pargi
  2317 | Sewer    | Reached skill level 5 in Ranged Weapons
  2389 | Sewer    | Reached XP level 8. HP: 60/60 MP: 3/9
  2709 | D:5      | Entered Level 5 of the Dungeon
  2995 | D:5      | Found a staircase to the Ecumenical Temple.
  3009 | Temple   | Entered the Ecumenical Temple
  3034 | Temple   | Became a worshipper of Hepliaklqana the Forgotten
  3252 | D:5      | Found Jounajun's Armour Boutique.
  3258 | D:5      | Bought the +2 leather armour of Ireroolaga {rC+} for 286
                  | gold pieces
  3459 | D:5      | Reached skill level 6 in Ranged Weapons
  3694 | D:6      | Found a shadowy altar of Dithmenos.
  3694 | D:6      | Found an ornate altar of the Wu Jian Council.
  3695 | D:6      | Found a basalt altar of Yredelemnul.
  3724 | D:6      | Reached skill level 5 in Hexes
  3996 | D:6      | Reached * piety under Hepliaklqana
  4122 | D:6      | Reached skill level 5 in Fighting
  4122 | D:6      | Reached XP level 9. HP: 61/61 MP: 0/10
  4870 | D:7      | Reached skill level 5 in Dodging
  4876 | D:7      | Reached skill level 7 in Ranged Weapons
  4997 | D:7      | Noticed Prince Ribbit
  5001 | D:7      | Killed Prince Ribbit
  5273 | D:7      | Reached skill level 8 in Ranged Weapons
  5762 | D:7      | Identified the +0 hammer "Oczeniv" {venom, *Slow rC++ Int+3
                  | Dex+2}
  5768 | D:7      | Found a runed translucent door.
  5769 | D:7      | Noticed Crazy Yiuf
  5779 | D:7      | Killed Crazy Yiuf
  5897 | D:8      | Reached ** piety under Hepliaklqana
  5898 | D:8      | Remembered your ancestor meatbag as a hexer
  5931 | D:8      | Reached XP level 10. HP: 68/68 MP: 1/11
  6096 | D:8      | Found Ilaikk's Magic Scroll Shoppe.
  6104 | D:8      | Bought a scroll of fog for 56 gold pieces
  6104 | D:8      | Bought a scroll of identify for 28 gold pieces
  6109 | D:8      | Identified 3 scrolls of acquirement
  6114 | D:8      | Acquired 574 gold pieces
  6116 | D:8      | Acquired a +2 sling of flaming
  6117 | D:8      | Acquired a +2 pair of boots of flying
  6287 | D:8      | Noticed Pikel
  6299 | D:8      | Killed Pikel
  6471 | D:8      | Found a blossoming altar of Fedhas.
  6523 | D:9      | Found a stormy altar of Qazlal.
  6723 | D:9      | Reached skill level 9 in Ranged Weapons
  6744 | D:9      | Noticed Maurice
  6755 | D:9      | Killed Maurice
  7202 | D:10     | Entered Level 10 of the Dungeon
  7364 | D:10     | Noticed a kobold demonologist
  7373 | D:10     | Killed a kobold demonologist
  7445 | D:10     | Reached XP level 11. HP: 75/75 MP: 3/16
  7477 | D:10     | Found a staircase to the Lair.
  7529 | D:10     | Reached *** piety under Hepliaklqana
  7573 | D:10     | Reached skill level 10 in Ranged Weapons
  7642 | D:10     | Found a staircase to the Orcish Mines.
  7828 | D:10     | Found a glowing golden altar of the Shining One.
  8252 | Lair:1   | Entered Level 1 of the Lair of Beasts
  8259 | Lair:1   | Noticed Urug
  8377 | D:10     | Killed Urug
  8564 | Lair:1   | Learned a level 2 spell: Blink
  8576 | Lair:1   | Noticed a lindwurm
  8604 | Lair:1   | Killed a lindwurm
  8605 | Lair:1   | Reached skill level 1 in Translocations
  8697 | Lair:1   | Reached skill level 11 in Ranged Weapons
  8851 | Lair:1   | Reached XP level 12. HP: 81/84 MP: 3/18
  9019 | Lair:1   | Identified the +4 scale mail of the Filigreed Lizard {-Tele
                  | rN++ Will+++ Int-2}
  9032 | Lair:1   | Got the Discursus on the Fjord and the Birds
  9730 | Lair:1   | Reached skill level 12 in Ranged Weapons
  9750 | Lair:2   | Reached **** piety under Hepliaklqana
 10163 | Lair:2   | Gained mutation: Your flesh is cold resistant. (rC+)
                  | [Coglin growth]
 10163 | Lair:2   | Gained mutation: Your flesh is heat resistant. (rF+)
                  | [Coglin growth]
 10163 | Lair:2   | Reached XP level 13. HP: 92/92 MP: 4/19
 10339 | Lair:2   | Reached skill level 10 in Fighting
 10371 | Lair:2   | Reached skill level 13 in Ranged Weapons
 10532 | Lair:2   | Found a staircase to the Shoals.
 10662 | Lair:2   | Found a staircase to the Snake Pit.
 10919 | Lair:3   | Found a gate leading to a gauntlet.
 10925 | Gauntlet | Entered a Gauntlet
 10925 | Gauntlet | Found a transporter.
 10938 | Gauntlet | Found a transporter.
 10939 | Gauntlet | Found a transporter.
 10946 | Gauntlet | Found a runed translucent door.
 10949 | Gauntlet | Found a transporter.
 10950 | Gauntlet | Found a transporter.
 10951 | Gauntlet | Found a transporter.
 10960 | Gauntlet | Found a transporter.
 10962 | Gauntlet | Found a transporter.
 10963 | Gauntlet | Found a transporter.
 10971 | Gauntlet | Found a transporter.
 10974 | Gauntlet | Found a transporter.
 10975 | Gauntlet | Found a transporter.
 10979 | Gauntlet | Noticed a reaper
 10983 | Gauntlet | Found a transporter.
 11053 | Gauntlet | Found a transporter.
 11245 | Gauntlet | Noticed a minotaur
 11260 | Gauntlet | Killed a minotaur
 11626 | Lair:3   | Reached skill level 10 in Dodging
 11963 | Lair:3   | Reached skill level 14 in Ranged Weapons
 12122 | Lair:3   | Found a runed translucent door.
 12271 | Lair:3   | Reached skill level 1 in Evocations
 12585 | Lair:4   | Reached ***** piety under Hepliaklqana
 12611 | Lair:4   | Reached XP level 14. HP: 101/101 MP: 4/20
 12666 | Lair:4   | Reached skill level 5 in Evocations
 13483 | Lair:5   | Entered Level 5 of the Lair of Beasts
 13538 | Lair:5   | Reached skill level 1 in Armour
 13582 | Lair:5   | Identified the +8 chain mail of Amelioration {Rampage
                  | *Corrode rC+ Int+2}
 13653 | Lair:5   | Reached skill level 1 in Stealth
 14518 | Lair:5   | Identified the +8 sling of Corruption {heavy, rPois Int+4}
 14809 | Lair:5   | Found a staircase to the Slime Pits.
 14809 | Lair:5   | Found a viscous altar of Jiyva.
 15328 | Orc:1    | Entered Level 1 of the Orcish Mines
 15334 | Orc:1    | Reached skill level 10 in Evocations
 15334 | Orc:1    | Noticed Jorgrun
 15337 | Orc:1    | Reached XP level 15. HP: 108/108 MP: 7/21
 15340 | Orc:1    | Killed Jorgrun
 15517 | Orc:1    | Upgraded the game from 0.32-a0-540-g866d13106e to
                  | 0.32-a0-558-g233958a4c4
 15534 | Orc:1    | Found a roughly hewn altar of Beogh.
 16019 | Orc:2    | Entered Level 2 of the Orcish Mines
 16019 | Orc:2    | Found Loir's General Store.
 16105 | Orc:1    | Acquired an experimental gigawhirligig {rElec Slay+3 Clar
                  | RMsl}
 16267 | Orc:2    | Found a staircase to the Elven Halls.
 16513 | Orc:2    | Found a roughly hewn altar of Beogh.
 16641 | Orc:2    | Found Faphuant's Magic Scroll Boutique.
 16647 | Orc:2    | Bought a scroll of acquirement for 728 gold pieces
 16647 | Orc:2    | Acquired 1113 gold pieces
 16649 | Orc:2    | Bought a scroll of teleportation for 42 gold pieces
 16649 | Orc:2    | Bought a scroll of revelation for 105 gold pieces
 16770 | Orc:2    | Found Qonyamec's Book Shop.
 16921 | Orc:2    | Found Odeirph's Antique Armour Emporium.
 16930 | Orc:2    | Bought a shiny helmet for 217 gold pieces
 16954 | Orc:2    | Found Wiffa's Antique Weapon Emporium.
 16974 | Orc:2    | Noticed an orc warlord
 16989 | Orc:2    | Killed an orc warlord
 17600 | D:11     | Found Zon Iclo's Weapon Boutique.
 17959 | D:11     | Reached ****** piety under Hepliaklqana
 18135 | D:11     | Found a large runed translucent door.
 18136 | D:11     | Found a large runed translucent door.
 18177 | D:11     | Reached skill level 5 in Armour
 18936 | D:12     | Reached skill level 5 in Stealth
 19579 | D:13     | Reached skill level 1 in Invocations
 19579 | D:13     | Reached XP level 16. HP: 116/116 MP: 7/22
 19616 | D:13     | Found a gate to the Vaults.
 19769 | D:9      | Learned a level 4 spell: Dimensional Bullseye
 20118 | D:13     | Identified the +1 sling "Otzykav" {speed, Will++ Str+5}
 20602 | D:14     | Upgraded the game from 0.32-a0-558-g233958a4c4 to
                  | 0.32-a0-560-g4c7f4391e0
 20612 | D:14     | Noticed Agnes
 20623 | Abyss:2  | Cast into level 2 of the Abyss (Agnes)
 20637 | D:14     | Escaped the Abyss
 20641 | D:14     | Killed Agnes
 20821 | D:14     | Acquired a +0 hand cannon of flaming
 20822 | D:14     | Acquired 348 gold pieces
 21585 | D:15     | Entered Level 15 of the Dungeon
 21774 | D:15     | Found a staircase to the Depths.
 21820 | D:15     | Reached skill level 15 in Ranged Weapons
 21965 | D:15     | Found Teohan's Armour Shoppe.
 22057 | D:15     | Found a basalt altar of Yredelemnul.
 22240 | D:15     | Noticed Josephine
 22245 | D:15     | Killed Josephine
 22571 | Snake:1  | Entered Level 1 of the Snake Pit
 22845 | Snake:1  | Reached skill level 16 in Ranged Weapons
 23479 | Snake:2  | Noticed a nagaraja
 23493 | Snake:2  | Killed a nagaraja
 23494 | Snake:2  | Reached XP level 17. HP: 101/122 MP: 23/23
 23882 | Snake:2  | Reached skill level 17 in Ranged Weapons
 24093 | Snake:2  | Found a shadowy altar of Dithmenos.
 24933 | Snake:1  | Reached skill level 18 in Ranged Weapons
 25108 | Snake:3  | Identified the serpent talisman of Privacy {rF++ rC- rCorr
                  | SInv}
 25108 | Snake:3  | Noticed Aizul
 25134 | Snake:2  | Killed Aizul
 25528 | Snake:3  | Found Cosoth's Jewellery Shoppe.
 26303 | Snake:4  | Entered Level 4 of the Snake Pit
 26897 | Snake:4  | Reached skill level 5 in Invocations
 27165 | Snake:4  | Found a runed translucent gate.
 27165 | Snake:4  | Found a runed translucent gate.
 27165 | Snake:4  | Found a runed translucent gate.
 27166 | Snake:4  | Found an opulent altar of Gozag.
 27167 | Snake:4  | Noticed ytrimaz's ghost (adept OpSh)
 27168 | Snake:4  | Found Ajaihom's Assorted Antiques.
 27359 | Snake:4  | Reached XP level 18. HP: 128/128 MP: 24/24
 28166 | Snake:4  | Reached skill level 10 in Armour
 28383 | Snake:4  | Got a serpentine rune of Zot
 28904 | Shoals:1 | Entered Level 1 of the Shoals
 28930 | Shoals:1 | Found Fycoutozopn's General Store.
 28941 | Shoals:1 | Bought a potion of haste for 140 gold pieces
 28941 | Shoals:1 | Bought a potion of haste for 140 gold pieces
 29577 | Shoals:1 | Noticed Mlioglotl
 29591 | Shoals:1 | Killed Mlioglotl
 29853 | Shoals:2 | Noticed Frances
 29988 | Shoals:2 | Killed Frances
 30062 | Shoals:2 | Noticed Polyphemus
 30071 | Shoals:2 | Killed Polyphemus
 30928 | Shoals:3 | Reached XP level 19. HP: 95/135 MP: 25/25
 31080 | Shoals:3 | Noticed Louise
 31161 | Shoals:3 | Killed Louise
 31417 | Shoals:3 | Reached skill level 5 in Translocations
 31431 | Shoals:3 | Noticed Donald
 31440 | Shoals:3 | Killed Donald
 32223 | Shoals:4 | Entered Level 4 of the Shoals
 33333 | Shoals:4 | Found the +2 hat of the Bear Spirit {Spirit, Bear, *Rage
                  | Will++}
 33428 | Shoals:4 | Got the Handbook of the Cumulonimbus and the Barrage
 33542 | Shoals:4 | Identified the +5 long sword "Hewne" {flame, rPois rC++
                  | SInv Stlth-}
 33661 | Shoals:4 | Got a barnacled rune of Zot
 34065 | Orc:2    | Bought a scroll of enchant weapon for 105 gold pieces
 34228 | Vaults:1 | Entered Level 1 of the Vaults
 34815 | Vaults:1 | Reached XP level 20. HP: 144/144 MP: 27/27
 34979 | Vaults:1 | Acquired the +2 pair of gloves of Cemiocs {rF++ rN+}
 35020 | Vaults:1 | Paralysed by a formless jellyfish for 1 turns
 35313 | Vaults:1 | Found Jiozemoc's Antique Armour Shop.
 35645 | Vaults:1 | Found Ethett's Book Shop.
 36260 | Vaults:2 | Reached skill level 10 in Invocations
 36769 | Vaults:2 | Found Gaaskir's General Store.
 36777 | Vaults:2 | Bought a scroll of fear for 92 gold pieces
 36972 | Vaults:2 | Reached skill level 10 in Hexes
 37061 | Vaults:2 | Learned a level 4 spell: Cause Fear
 37061 | Vaults:2 | Found a staircase to the Crypt.
 37211 | Vaults:2 | Reached skill level 15 in Fighting
 37646 | Vaults:3 | Found a glowing golden altar of the Shining One.
 37716 | Vaults:3 | Found a magical portal.
 37726 | WizLab   | Entered Iskenderun's Mystic Tower
 38643 | WizLab   | Reached XP level 21. HP: 108/151 MP: 15/28
 38662 | WizLab   | Got Iskenderun's Compendium of Force
 38662 | WizLab   | Got Iskenderun's Incunabulum of Hurting
 38844 | WizLab   | Learned a level 3 spell: Teleport Other
 38851 | WizLab   | Learned a level 6 spell: Dispersal
 39035 | Vaults:3 | Found Jaotzor's Antique Armour Boutique.
 39183 | Vaults:3 | Reached skill level 10 in Translocations
 39211 | Vaults:3 | Noticed Margery
 39250 | Vaults:3 | Killed Margery
 39849 | Vaults:3 | Identified the +3 lajatang of the Flying Gods {freeze, rF-
                  | Will++}
 40517 | Vaults:3 | You are sucked into a shaft and drop 1 floor!
 41776 | Vaults:4 | Found Dyaredut's Weapon Shoppe.
 42132 | Vaults:4 | Identified the +1 flail of Ipse Dixit {drain, Will+ rCorr}
 42221 | Vaults:4 | Reached XP level 22. HP: 160/160 MP: 30/30
 42737 | Depths:1 | Entered Level 1 of the Depths
 42912 | Depths:1 | Found a gateway to Hell.
 43572 | Depths:1 | Found a one-way gate leading to the halls of Pandemonium.
 43698 | Depths:1 | Noticed Nikola
 43707 | Depths:1 | Killed Nikola
 44022 | Depths:1 | Found a hazy altar of Hepliaklqana.
 44108 | Depths:2 | Noticed Bai Suzhen
 44126 | Depths:2 | Killed Bai Suzhen
 44174 | Depths:2 | Found a one-way gateway to a ziggurat.
 44564 | Depths:2 | Noticed Norris
 44578 | Depths:2 | Killed Norris
 45587 | Depths:2 | Found a glowing silver altar of Zin.
 45587 | Depths:2 | Noticed Mennas
 45792 | Depths:2 | Identified the +2 robe of Hedge Wizardry {+Inv Int+5 Slay-2
                  | Archmagi}
 45966 | Depths:2 | Killed Mennas
 46254 | Depths:2 | Identified the +2 fire dragon scales of Wuirotai {-Tele
                  | rElec rF++ rC- Int-5 Dex+8}
 46259 | Depths:2 | Identified the +10 orcbow of the Curious Gods {heavy, rF-
                  | rCorr Str+2 Int+2}
 46633 | Depths:3 | Reached XP level 23. HP: 136/167 MP: 32/32
 46711 | Depths:3 | Reached skill level 19 in Ranged Weapons
 47135 | Depths:3 | Found a runed translucent door.
 47136 | Depths:3 | Noticed Strat's ghost (veteran MDFi)
 47621 | Depths:3 | Noticed a golden dragon
 47628 | Depths:3 | Killed a golden dragon
 47716 | Depths:3 | Identified the +2 hand axe of Peace {speed, Fly rCorr Dex-2
                  | Stlth-}
 47723 | Depths:3 | Identified the +1 robe "Aqigeips" {Int+3}
 47780 | Depths:3 | Found a one-way gate to the infinite horrors of the Abyss.
 48060 | Depths:3 | Found Qikhuzag's Armour Shoppe.
 48266 | Depths:4 | Entered Level 4 of the Depths
 49384 | Depths:4 | Reached skill level 15 in Translocations
 49583 | Depths:4 | Noticed a golden dragon
 49589 | Depths:4 | Noticed a golden dragon
 49591 | Depths:4 | Killed a golden dragon
 49602 | Depths:4 | Killed a golden dragon
 49982 | Depths:4 | Noticed a golden dragon
 50207 | Depths:4 | Killed a golden dragon
 50485 | Depths:4 | Reached XP level 24. HP: 175/175 MP: 32/32
 50608 | Depths:4 | Found a gate to the Realm of Zot.
 50771 | Depths:4 | Identified the +9 sling of Innocence {freeze, rF+ Int+3}
 51270 | Elf:1    | Entered Level 1 of the Elven Halls
 51293 | Elf:1    | Found a radiant altar of Vehumet.
 51687 | Elf:1    | Reached skill level 15 in Armour
 51765 | Elf:1    | Got the Reference Book on Adjuration
 51888 | Elf:1    | Found Wifudgh's Jewellery Emporium.
 52826 | Elf:2    | Found a radiant altar of Vehumet.
 52918 | Elf:2    | Found Nionosi's Tiny Tomes.
 52951 | Elf:2    | Found Ylaus's Distillery.
 52957 | Elf:2    | Bought a potion of curing for 33 gold pieces
 52957 | Elf:2    | Bought a potion of curing for 33 gold pieces
 52957 | Elf:2    | Bought a potion of ambrosia for 88 gold pieces
 52957 | Elf:2    | Bought a potion of curing for 33 gold pieces
 52977 | Elf:2    | Found Vitsakh's Antique Armour Boutique.
 53009 | Elf:2    | Paralysed by an air elemental for 1 turns
 53080 | Elf:2    | Found Megut's Assorted Antiques.
 53170 | Elf:2    | Found a runed translucent gate.
 53170 | Elf:2    | Found a runed translucent gate.
 53170 | Elf:2    | Found a runed translucent gate.
 53813 | Elf:3    | Entered Level 3 of the Elven Halls
 53913 | Elf:3    | Noticed Saint Roka
 53954 | Elf:3    | Killed Saint Roka
 54261 | Elf:3    | Found Ekicoemivi's Magic Scroll Emporium.
 54269 | Elf:3    | Bought a scroll of blinking for 120 gold pieces
 54269 | Elf:3    | Bought a scroll of enchant armour for 120 gold pieces
 54269 | Elf:3    | Bought a scroll of enchant weapon for 120 gold pieces
 54269 | Elf:3    | Bought a scroll of teleportation for 48 gold pieces
 54503 | Elf:3    | Got the Tempter's Papyrus of Forbidden Fruit
 55131 | Elf:2    | Reached XP level 25. HP: 134/181 MP: 32/32
 55398 | Elf:3    | Identified the ring "Etuoc" {rElec rPois MP+9 Dex+3 Slay-6}
 55405 | Elf:3    | Identified the +1 robe of Gyomuma {rC+ Str+2 Dex+2}
 55648 | Elf:3    | Identified the +7 dagger "Wowi" {flame, Str+2 Stlth+}
 55697 | Elf:3    | Identified the dragon-blood talisman "Fogesch" {Dex+4
                  | Stlth+}
 56830 | Vaults:5 | Entered Level 5 of the Vaults
 60063 | Vaults:4 | Reached skill level 15 in Evocations
 60308 | Vaults:5 | Noticed an ancient lich
 60322 | Vaults:4 | Killed an ancient lich
 61317 | Vaults:5 | Found Firrar's Distillery.
 61317 | Vaults:5 | Found Xaiwnua's Antique Weapon Shoppe.
 61321 | Vaults:5 | Bought a potion of heal wounds for 65 gold pieces
 61324 | Vaults:5 | Found Tots's Jewellery Boutique.
 61900 | Vaults:5 | Reached XP level 26. HP: 182/189 MP: 33/33
 62057 | Vaults:4 | Reached skill level 20 in Ranged Weapons
 62392 | Vaults:5 | Found Xonuz's Assorted Antiques.
 62393 | Vaults:5 | Found Wiuczit's General Store.
 62397 | Vaults:5 | Bought a scroll of fog for 72 gold pieces
 62401 | Vaults:5 | Bought a smoking ring mail for 315 gold pieces
 62401 | Vaults:5 | Identified the +2 ring mail of Quantum Leap {rN+ Str+2
                  | Dex+3} (You bought it in a shop on level 5 of the Vaults)
 62634 | Vaults:5 | Found Duox's Antique Armour Shoppe.
 62642 | Vaults:5 | Bought a twisted leather armour for 168 gold pieces
 62642 | Vaults:5 | Identified the +3 leather armour of Hyhadisk {*Slow rF+ rC+
                  | Slay+3} (You bought it in a shop on level 5 of the Vaults)
 62647 | Vaults:5 | Got a silver rune of Zot
 62792 | Vaults:5 | Found Pungu's Magic Scroll Shop.
 62792 | Vaults:5 | Found Sisaruatt's Magic Scroll Shoppe.
 62797 | Vaults:5 | Bought a scroll of enchant armour for 82 gold pieces
 62797 | Vaults:5 | Bought a scroll of enchant armour for 82 gold pieces
 62797 | Vaults:5 | Bought a scroll of enchant armour for 82 gold pieces
 62797 | Vaults:5 | Bought a scroll of brand weapon for 104 gold pieces
 62805 | Vaults:5 | Bought a scroll of teleportation for 45 gold pieces
 62805 | Vaults:5 | Bought a scroll of fog for 60 gold pieces
 62805 | Vaults:5 | Bought a scroll of enchant armour for 112 gold pieces
 62831 | Vaults:5 | Found Pampief's Distillery.
 63127 | Zot:1    | Entered Level 1 of the Realm of Zot
 63820 | Depths:4 | Upgraded the game from 0.32-a0-560-g4c7f4391e0 to
                  | 0.32-a0-571-gec57dfcd37
 65189 | Zot:2    | Found a transporter.
 65294 | Zot:2    | Noticed Cuhyol's ghost (veteran MfSh)
 65306 | Zot:2    | Found a transporter.
 65509 | Zot:1    | Found the +4 dragonskin cloak
 65509 | Zot:1    | Noticed Tiamat
 65519 | Zot:1    | Reached skill level 15 in Dodging
 65907 | Zot:2    | Slain by Tiamat

Illustrated notes

Levels and vault maps discovered:
D:1:      dpeg_arrival_caged_fury, layout_basic
D:2:      layout_rooms, serial_shops, nicolae_shop_dealshenge, basic_altar,
          item_on_display_a, uniq_robin
D:3:      layout_basic
D:4:      layout_rooms, gup_sewer_entry_bubbles
D:5:      layout_loops_corners, minmay_temple_entry_trees, serial_shops, shop,
          minmay_misc_feat_columns, hangedman_abyss_or_decor_lesser_grid
D:6:      layout_basic, gammafunk_temple_overflow_forgotten
D:7:      layout_basic, uniq_crazy_yiuf_cottage, uniq_prince_ribbit1
D:8:      layout_cave_pools, mainiacjoe_overflow_brackets, serial_column_ruins,
          column_ruins_hut, column_ruins_square_medium,
          column_ruins_columns_dead_end, column_ruins_grid_4,
          column_ruins_open_tiny, column_ruins_grid_4, serial_shops, shop,
          uniq_pikel
D:9:      layout_roguey, mainiacjoe_overflow_paths, serial_ice, serial_ice_e,
          serial_ice_b, serial_ice_f, serial_ice_n, uniq_maurice
D:10:     layout_loops_ring, kennysheep_mini_moat, erik_lair_orcish_takeover,
          orc_0_dummy, dreamdust_wishing_well
D:11:     layout_basic, serial_bayou, serial_bayou_shore_b, serial_bayou_pond_e,
          serial_bayou_ford_a, serial_bayou_pond_d, serial_bayou_lagoon_a,
          serial_bayou_shore_a, serial_shops, nicolae_shop_tiny_statue_garden,
          lightli_elemental_guards
D:12:     layout_basic, hangedman_aviary
D:13:     layout_grid_maze, david_vaults_2, hellmonk_talismancer
D:14:     layout_long_grid, hangedman_decor_diamond_cutter, uniq_agnes
D:15:     grunt_enter_depths_magical_seal, layout_rooms,
          yredelemnul_altar_generic, serial_shops, nicolae_shop_window_shopping,
          uniq_josephine
Temple:   regret_index_temple_sphere_string
Lair:1:   layout_loops_ring, nicolae_lair_lindhole, uniq_urug
Lair:2:   layout_chaotic_city, elwin_shoals_entry_rooms,
          alex1729_snake_entry_snake, st_stairs_4, grunt_megastairs_3
Lair:3:   gammafunk_lair_enchanted_lake, layout_hall_layers,
          gauntlet_entry_generic, beast_lair_carwin_9
Lair:4:   layout_layer_cave, st_stairs_8, bobbens_ice_dragon_lair
Lair:5:   minmay_lair_end_enchanted_forest, layout_layer_cave, slime_entry_1
Shoals:1: nicolae_shoals_deep_elves_summer_vacation, layout_shoals,
          serial_shops, shop, uniq_mlioglotl
Shoals:2: layout_shoals, uniq_polyphemus, uniq_frances
Shoals:3: layout_shoals, kb_tengu_band, uniq_donald, uniq_louise
Shoals:4: shoals_end_hellmonk_lost_city
Snake:1:  layout_basic
Snake:2:  layout_cave_shapes, basic_altar, nicolae_snake_shapes,
          serial_bayou_shore_b, grunt_megastairs_5
Snake:3:  nicolae_aizul_guard, layout_cave_town, serial_shops, shop_statue,
          nicolae_triple_integral
Snake:4:  snake_pit_salamanders_mu, layout_misc_corridors, ebering_ghost_gozag,
          chequers_hall_statues_corner_a
Orc:1:    layout_diamond_mine, basic_altar, statue_in_the_mist_lemuel,
          uniq_jorgrun
Orc:2:    grunt_orc_gardens, layout_caves, grunt_orc_garden, grunt_orc_garden,
          grunt_orc_garden, grunt_orc_garden, serial_shops,
          nicolae_shop_rolled_up, roderic_batcave, minmay_orc_temple_c
Elf:1:    eino_elf_arrival_altar, layout_gridlike, serial_shops,
          nicolae_diamond_shop, minmay_elf_demonology
Elf:2:    elven_hall_of_blades_hangedman_original
          [nicolae_blade_entry_hurt_lockers], layout_geoelf_octagon,
          basic_altar, serial_shops, shop, nicolae_square_shop,
          nicolae_shop_tiny_waterfront, nicolae_shop_i_like_small_books_too
Elf:3:    minmay_elf_hall_statues, layout_loops_cross, serial_shops,
          nicolae_shop_competitors_out_of_business, drop_trap, pf_eden,
          uniq_saint_roka
Vaults:1: nicolae_vaults_specimen_jars, nicolae_vaults_ninety_degrees,
          v_pattern_4, nicolae_vaults_trapezoid_lopsided_2,
          nicolae_vaults_network_square, nicolae_vaults_what_the_h, v_rooms_3,
          vaults_room_hallway, ontoclasm_vaults_ligature, vaults_room_pools,
          layout_vaults_ring, serial_shops, nicolae_shop_real_fake_doors,
          nicolae_diamond_shop
Vaults:2: nicolae_vaults_storage_closets_3, minmay_crypt_entry_simple_corners,
          vaults_room_boxed, vaults_standard_mumra_enter_the_diamond,
          nicolae_vaults_trapezoid_1, nicolae_vaults_circle_grid_a, v_pattern_5,
          vaults_dpeg_diagonal, nicolae_vaults_closet_pinwheel_5,
          vaults_dpeg_emergency_exit, nicolae_vaults_asterisk,
          nicolae_vaults_little_squares_5, nicolae_vaults_storage_room_glass,
          vaults_room_semicircle, layout_vaults_omnicross, serial_shops,
          nicolae_shop_crystal
Vaults:3: mu_enter_wizlab_6, vaults_standard_mumra_lines, v_misc_3,
          nicolae_vaults_heart-shaped_vault, vaults_dpeg_spiral,
          nicolae_vaults_house_2, nicolae_vaults_wrenched, st_lines,
          v_pattern_1, nicolae_vaults_arrows,
          nicolae_vaults_offset_grid_hallway_1, nicolae_vaults_tangram_1,
          lemuel_angel_altar, nicolae_vaults_ring_of_whatevers,
          nicolae_vaults_tetromino_Z_2, nicolae_vaults_diamond_1,
          layout_vaults_omnibox, serial_shops, nicolae_shop_tiny_statue_garden,
          uniq_margery
Vaults:4: v_alt_pattern_2, hangedman_vaults_slither, v_misc_25,
          nicolae_vaults_puzzle_piece, nicolae_vaults_weapon_check, v_rooms_2,
          nicolae_vaults_network_quinsquares
          [nicolae_vaults_network_quincunx_subvault,
          nicolae_vaults_network_quincunx_subvault,
          nicolae_vaults_network_quincunx_subvault,
          nicolae_vaults_network_quincunx_subvault], cheibrodos_frozen_isle,
          nicolae_vaults_house_3, nicolae_vaults_tetromino_Z_1,
          nicolae_vaults_trapezoid_lopsided_3, nicolae_vaults_diamond_1,
          layout_vaults_maze_snakey, serial_shops,
          nicolae_shop_bloodbath_and_beyond
Vaults:5
Depths:1: layout_roguey, serial_library_hellmonk_angled_corner,
          rand_demon_pan_entry_8, hell_entry, hangedman_abyss_or_decor_passed,
          nzn_hepliaklqana_mist_gate, grunt_megastairs_2, uniq_nikola
Depths:2: evilmike_silver_temple, layout_gridlike, enter_ziggurat_f,
          rand_demon_pan_entry_7, pf_hell_entry_great_geh, uniq_norris,
          uniq_bai_suzhen
Depths:3: minmay_the_grid_plus_closed [minmay_the_grid_square_x,
          minmay_the_grid_plusring, minmay_the_grid_odd_star,
          minmay_the_grid_armoury, minmay_the_grid_prize_diamond_cup],
          layout_long_grid, hell_entry, gammafunk_ghost_grave, serial_shops,
          nicolae_stop_n_shop_1, hangedman_abyss_entry_splay,
          grunt_ministairs_2, minmay_staircase_windowed_small
Depths:4: lemuel_castle_with_subvaults [lemuel_castle_interior_carwin_2],
          layout_gridlike, rand_demon_pan_entry_3, hell_entry
Zot:1:    layout_basic, uniq_tiamat
Zot:2:    layout_basic, nzn_ghost_randoct, zot_minivault_1

Skill      XL: |  1  2  3  4  5  6  7  8  9 10 11 12 13 14 15 16 17 18 19 20 21 22 23 24 25 26 |
---------------+-------------------------------------------------------------------------------+-----
Ranged Weapons | 2 3 4 5 6 8 9 11 12 14 16 18 19 20 | 20.2
Dodging        | 2 3 4 5 6 8 9 10 11 12 13 14 15 | 15.0
Hexes          | 3 4 5 6 8 10 | 10.1
Fighting       | 2 3 5 6 7 8 9 11 12 13 14 15 16 17 18 | 18.5
Spellcasting   | 3 4 |  4.2
Translocations | 2 4 8 9 12 14 15 | 15.5
Evocations     | 4 10 12 15 17 | 17.2
Armour         | 3 5 8 10 11 12 13 14 17 18 | 18.4
Stealth        | 3 5 |  5.3
Invocations    | 1 5 8 9 10 11 12 13 | 13.8
Fire Magic     | |  0.8

Action                     |  1- 3 |  4- 6 |  7- 9 | 10-12 | 13-15 | 16-18 | 19-21 | 22-24 | 25-27 || total
---------------------------+-------+-------+-------+-------+-------+-------+-------+-------+-------++-------
   Fire: Sling             |   109 |   215 |   424 |  1098 |  2234 |  1622 |  1275 |  1499 |   675 ||  9151
         Hand cannon       |       |       |       |       |       |   502 |  1275 |  1499 |   675 ||  3951
   Cast: Jinxbite          |     1 |    14 |    37 |    45 |    22 |       |     2 |       |       ||   121
         Sigil of Binding  |       |       |     5 |     1 |     1 |       |       |       |       ||     7
         Dimensional Bulls |       |       |       |       |       |       |    32 |    26 |     8 ||    66
 Invoke: Ancestor Identity |       |       |     1 |       |       |       |       |       |       ||     1
         Ancestor Life: He |       |       |     1 |       |       |       |       |       |       ||     1
         Recall Ancestor   |       |       |       |       |     5 |     7 |     1 |     2 |    12 ||    27
         Transference      |       |       |       |       |       |     1 |       |       |       ||     1
         Idealise          |       |       |       |       |       |       |     7 |       |     2 ||     9
Ability: Invent Gizmo      |       |       |       |       |     1 |       |       |       |       ||     1
  Evoke: Lightning rod     |       |       |       |       |     4 |     6 |       |    11 |     3 ||    24
         Wand              |       |       |       |       |     2 |     7 |     6 |       |     6 ||    21
         Condenser vane    |       |       |       |       |       |       |       |       |     1 ||     1
         Phial of floods   |       |       |       |       |       |       |       |       |     1 ||     1
         Sack of spiders   |       |       |       |       |       |       |       |       |     1 ||     1
         Phantom mirror    |       |       |       |       |       |       |       |       |     1 ||     1
    Use: Scroll            |       |       |       |    17 |    12 |    12 |     4 |    11 |    11 ||    67
         Potion            |       |       |       |     1 |     1 |     8 |     1 |    13 |     3 ||    27
 Armour: Robe              |    36 |    13 |    25 |       |       |       |       |       |       ||    74
         Leather armour    |       |       |    29 |   141 |   137 |       |       |       |       ||   307
         Acid dragon scale |       |       |       |       |       |   265 |     3 |       |       ||   268
         Quicksilver drago |       |       |       |       |       |       |   220 |   388 |    32 ||   640
         Ring mail         |       |       |       |       |       |       |       |       |   451 ||   451
  Dodge: Dodged            |    48 |    24 |    57 |   126 |   259 |   322 |   267 |   285 |   473 ||  1861
         Repelled          |       |       |       |       |    10 |    69 |    56 |    82 |    96 ||   313
  Block: Buckler           |    14 |     1 |       |       |       |       |       |       |       ||    15

Table legend: (Time is in decaauts)
 A = Elapsed time spent in this place.
 B = Non-inter-level travel time spent in this place.
 C = Inter-level travel time spent in this place.
 D = Time resting spent in this place.
 E = Time spent auto-exploring this place.
 F = Levels seen in this place.
 G = Mean time per level.
                   A        B        C        D        E       F      G
               +--------+--------+--------+--------+--------+-----+--------+
         Total |  65136 |  60227 |   4909 |  18212 |  28716 |  49 | 1329.3 |
       Dungeon |  14156 |  12432 |   1724 |   1104 |   9081 |  15 |  943.7 |
        Temple |     50 |      2 |     48 |      0 |      0 |   1 |   50.0 |
          Lair |   6959 |   6176 |    783 |    923 |   3481 |   5 | 1391.8 |
        Shoals |   4539 |   4247 |    292 |   1097 |   2173 |   4 | 1134.8 |
     Snake Pit |   5951 |   5649 |    302 |   2109 |   2444 |   4 | 1487.8 |
  Orcish Mines |   2561 |   2077 |    484 |    424 |    987 |   2 | 1280.5 |
   Elven Halls |   4832 |   4500 |    332 |   1214 |   2230 |   3 | 1610.7 |
        Vaults |  13310 |  12761 |    549 |   6104 |   4456 |   5 | 2662.0 |
        Depths |   9306 |   8990 |    316 |   4010 |   3010 |   4 | 2326.5 |
           Zot |   1674 |   1599 |     75 |    535 |    479 |   2 |  837.0 |
         Abyss |     13 |     13 |      0 |      0 |      0 |   1 |   13.0 |
         Sewer |    184 |    184 |      0 |      0 |    113 |   1 |  184.0 |
        Wizlab |   1252 |   1252 |      0 |    682 |    141 |   1 | 1252.0 |
      Gauntlet |    342 |    342 |      0 |      7 |    121 |   1 |  342.0 |
               +--------+--------+--------+--------+--------+-----+--------+

Top non-repeatable levels by time:
Vaults:4: 5581 daAuts
Depths:4: 3244 daAuts
Vaults:3: 2640 daAuts
Depths:2: 2625 daAuts
   Elf:2: 2232 daAuts
Depths:3: 2110 daAuts
 Snake:4: 1901 daAuts
Vaults:2: 1741 daAuts
Vaults:1: 1739 daAuts
Shoals:3: 1677 daAuts
   Orc:2: 1644 daAuts
Vaults:5: 1607 daAuts
 Snake:1: 1567 daAuts
  Lair:1: 1490 daAuts
  Lair:2: 1438 daAuts
